cohdb
Replays
Latest Replays
All Replays
Popular Replays
Top Player Replays
Match Explorer
How It Works
Community
CoH3 Stats
Reddit
Sign in to upload your games and track your stats! →
Sign in with Steam
Match 41808949
Unlisted
Match 41808949
Overview
Messages
Build Orders
End
Selects Armored Battlegroup
Selects Assault Engineers
Assault Engineer Squad
Assault Engineer Squad
Assault Engineer Squad
Construct Weapon Support Center
Bazooka Squad
Construct Medical Station
Bazooka Squad
Mechanized Support Center
Construct Motor Pool
M1 Anti-tank Gun Team
M8 Greyhound Armored Car
M8 Greyhound Armored Car
Selects Strength in Steel
Designate Forward Repair Station
Novacaine
aSIIDemolitionHammer
Kitsuné
Dumais
0
0
Comments
sign in to comment!
No comments posted yet!